 Dungeon Crawl Stone Soup version 0.22.0-27-ga576289 (webtiles) character file.

352 Larett the Skirmisher (level 6, 0/60 HPs)
             Began as a Minotaur Berserker on Aug 22, 2018.
             Was a Believer of Trog.
             Slain by an orc wizard
             ... wielding a +0 dagger of electrocution
              (14 damage)
             ... on level 3 of the Dungeon.
             The game lasted 00:05:21 (3014 turns).

Larett the Skirmisher (Minotaur Berserker)          Turns: 3014, Time: 00:05:22

Health: 0/60       AC:  9    Str: 21    XL:     6   Next: 35%
Magic:  5/5        EV: 10    Int:  4    God:    Trog [**....]
Gold:   92         SH:  0    Dex: 12    Spells: 5/5 levels left

rFire    x . .     SeeInvis .   a - +0 hand axe
rCold    + + .     Gourm    .   (no shield)
rNeg     . . .     Faith    .   s - +3 scale mail {rC+}
rPois    .         Spirit   .   (helmet restricted)
rElec    .         Reflect  .   (no cloak)
rCorr    .         Harm     .   (no gloves)
MR       .....                  (no boots)
Stlth    ..........             (no amulet)
HPRegen  0.20/turn              o - ring of ice
MPRegen  0.09/turn              (no ring)

@: no status effects
A: retaliatory headbutt, horns 2
a: Berserk, Trog's Hand, Renounce Religion


You were on level 3 of the Dungeon.
You worshipped Trog.
Trog was pleased with you.
You were not hungry.

You visited 1 branch of the dungeon, and saw 3 of its levels.

You collected 92 gold pieces.

Inventory:

Hand Weapons
 a - a +0 hand axe (weapon)
 b - a +0 hunting sling
 y - a +2 dagger of venom
Missiles
 d - 159 stones (quivered)
 f - 40 arrows
 w - 40 poisoned needles
 x - 24 sling bullets
Armour
 n - a +0 ring mail
 s - a +3 scale mail of cold resistance (worn)
Jewellery
 o - a ring of ice (left hand)
Wands
 D - a wand of digging (15)
Scrolls
 h - 3 scrolls of teleportation {unknown}
 k - 2 scrolls of noise {unknown}
 l - 3 scrolls of identify {unknown}
 p - 2 scrolls of enchant weapon {unknown}
 q - a scroll of remove curse
 t - a scroll of fear {unknown}
 A - a scroll of amnesia {unknown}
Potions
 e - a potion of brilliance {unknown}
 g - a potion of ambrosia {unknown}
 i - 3 potions of curing {unknown}
 j - 2 potions of lignification {unknown}
 r - a potion of mutation {unknown}
 u - a potion of resistance {unknown}
 v - a potion of agility {unknown}
Comestibles
 c - 7 rations
 z - 5 chunks of flesh


   Skills:
 * Level 7.4 Fighting
 + Level 5.7 Axes
 - Level 2.4 Armour
 - Level 2.1 Dodging


You had 5 spell levels left.
You didn't know any spells.
Your spell library was empty.

Dungeon Overview and Level Annotations

Branches:
Dungeon (3/15)

Altars:


Innate Abilities, Weirdness & Mutations

You reflexively headbutt those who attack you in melee.
You have a pair of horns on your head.


Message History

You kill the orc priest!
Trog accepts your kill.
Items here: ( )) † a hand axe; a dagger of electrocution; a stone; an orc corpse You closely miss the orc wizard.
The orc wizard hits you but does no damage.
You are electrocuted!
* * * LOW HITPOINT WARNING * * *
You closely miss the orc wizard. You headbutt the orc wizard.
The orc wizard is lightly wounded.
The orc wizard barely misses you. You furiously retaliate!
You headbutt the orc wizard, but do no damage.
You closely miss the orc wizard. You headbutt the orc wizard!
The orc wizard is severely wounded.
The orc wizard hits you but does no damage.
You hit the orc wizard but do no damage.
The orc wizard is severely wounded.
The orc wizard hits you but does no damage.
You are electrocuted!
You die...

#.# #.#.# #.#.# #.#.#
#.#.# #.#.# #.#.#
#o#.# #@#.#
################[#.#
.......>.........#.#
##################.#
...................#
######################
.......>.............#
####################.#
#.#


You could see an orc wizard.

Vanquished Creatures
  Sigmund (D:3)
  An orc priest (D:3)
  Natasha (D:2)
  Terence (D:2)
  2 adders (D:2)
  A worm (D:3)
  A leopard gecko (D:1)
  7 orcs (D:3)
  7 bats
  A giant cockroach (D:2)
  8 goblins
  4 hobgoblins
  17 jackals
  7 frilled lizards
  9 kobolds
  7 rats
75 creatures vanquished.

Notes
Turn   | Place    | Note
-------+----------+-------------------------------------------
     0 | D:1      | Larett the Minotaur Berserker began the quest for the Orb.
     0 | D:1      | Reached XP level 1. HP: 19/19 MP: 0/0
   291 | D:1      | Reached skill level 4 in Fighting
   532 | D:1      | Reached XP level 2. HP: 27/27 MP: 1/1
   825 | D:2      | Reached XP level 3. HP: 33/34 MP: 2/2
   932 | D:2      | Noticed Terence
   936 | D:2      | Reached skill level 5 in Fighting
   943 | D:2      | Killed Terence
   943 | D:2      | Reached XP level 4. HP: 30/42 MP: 3/3
   978 | D:2      | Noticed Natasha
   985 | D:2      | Killed Natasha
  1197 | D:2      | Reached ** piety under Trog
  2222 | D:3      | Reached skill level 6 in Fighting
  2589 | D:3      | Reached XP level 5. HP: 50/50 MP: 4/4
  2819 | D:3      | Noticed Sigmund
  2828 | D:3      | Killed Sigmund
  2828 | D:3      | Reached skill level 7 in Fighting
  2828 | D:3      | Reached XP level 6. HP: 60/60 MP: 5/5
  3014 | D:3      | Slain by an orc wizard

Skill      XL: |  1  2  3  4  5 |
---------------+----------------+-----
Fighting       | 4 5 6 7 |  7.4
Axes           | 4 5 |  5.7
Armour         | |  2.4
Dodging        | |  2.1

Action                   |  1- 3 |  4- 6 || total
-------------------------+-------+-------++-------
Melee: Hand axe          |    66 |    83 ||   149
       Headbutt          |    12 |    13 ||    25
 Fire: Hunting sling     |       |    45 ||    45
Invok: Berserk           |       |     1 ||     1
       Trog's Hand       |       |     1 ||     1
  Use: Scroll            |     1 |       ||     1
  Eat: Chunk             |       |     8 ||     8
Armor: Animal skin       |     2 |       ||     2
       Ring mail         |    19 |     2 ||    21
       Scale mail        |       |    48 ||    48
Dodge: Dodged            |    35 |    37 ||    72
